 Dungeon Crawl Stone Soup version 0.21.0-3-g78d12a8bdd (webtiles) character file.

157 Rrauwl the Chopper (level 5, -11/45 HPs)
             Began as a Hill Orc Gladiator on Jan 9, 2018.
             Was an Initiate of Qazlal.
             Killed by divine providence
             ... invoked by an orc priest
              (15 damage)
             ... on level 4 of the Dungeon.
             The game lasted 00:08:57 (2549 turns).

Rrauwl the Chopper (Hill Orc Gladiator)             Turns: 2549, Time: 00:08:58

Health: -11/45     AC:  9    Str: 18    XL:     5   Next: 38%
Magic:  6/6        EV:  3    Int:  8    God:    Qazlal [......]
Gold:   123        SH: 11    Dex: 12    Spells: 4/4 levels left

rFire    + . .     SeeInvis .   l - -3 mace (curse)
rCold    . . .     Gourm    +   k - +0 large shield
rNeg     . . .     Faith    .   j - +0 chain mail
rPois    .         Spirit   .   c - +0 helmet
rElec    .         Reflect  .   (no cloak)
rCorr    .         Harm     .   (no gloves)
MR       .....                  (no boots)
Stlth    ..........             e - amulet of the gourmand
HPRegen  0.15/turn              h - ring of protection from fire
MPRegen  0.10/turn              (no ring)

@: drained
A: no striking features
a: Renounce Religion, Convert to Beogh


You were on level 4 of the Dungeon.
You worshipped Qazlal.
Qazlal was noncommittal.
You were very full.

You visited 1 branch of the dungeon, and saw 5 of its levels.

You collected 123 gold pieces.

Inventory:

Hand Weapons
 a - a +0 war axe
 l - a cursed -3 mace (weapon)
Missiles
 d - 4 throwing nets (quivered)
Armour
 c - a +0 helmet (worn)
 j - a +0 chain mail (worn)
 k - a +0 large shield (worn)
Jewellery
 e - an amulet of the gourmand (around neck)
 h - a ring of protection from fire (left hand)
Scrolls
 b - 4 scrolls of identify
Potions
 i - a potion of curing
Comestibles
 f - 4 rations


   Skills:
 + Level 3.6(3.4) Fighting
 + Level 5.0(4.8) Axes
 - Level 2.0(1.7) Throwing
 + Level 2.1(1.9) Armour
 - Level 3.1(2.9) Dodging
 + Level 1.9(1.7) Invocations


You had 4 spell levels left.
You didn't know any spells.

Dungeon Overview and Level Annotations

Branches:
Dungeon (5/15)
 Temple: D:4-7

Altars:
Fedhas
Qazlal
Vehumet
Xom

Annotations:
D:3 Rrauwl's ghost, amateur HOGl


Message History

A leopard gecko and an orc come into view.
An adder skeleton comes into view.
The leopard gecko hisses angrily.
The orc priest shouts, "Surrender to Beogh and we'll let you live!"
You block the orc priest's attack.
The crimson imp blinks!
The quokka bites you but does no damage.
The orc hits you from afar with a trident.
The orc priest mumbles some strange prayers to Beogh against you.
Beogh smites you!
* * * LOW HITPOINT WARNING * * *
The orc priest mumbles some strange prayers to Beogh against you.
Pain shoots through your body!
* * * LOW HITPOINT WARNING * * *
Found a stone staircase leading up.
The crimson imp blinks!
The orc priest looks satisfied for a moment.
Found a leather armour.
The orc priest calls down the wrath of Beogh upon you.
Beogh smites you!
You die...

#######
#########.....########
#..)....#.............
..#.......#.............
........................
#....@rl..............
#<...Zro..5.(.........
#...........o.(.......
.......lOoo..####.###...
................#.......
.......5.)ยง[....##......
............o...##..o...
.............o.[##......
[..............##......


You could see an ogre, 2 orc priests, 2 crimson imps, 4 orcs, a leopard gecko, 2
quokkas, a frilled lizard and an adder skeleton.

Vanquished Creatures
  A bullfrog (D:4)
  5 adders
  A worm (D:3)
  A leopard gecko (D:2)
  4 orcs (D:3)
  6 bats
  4 giant cockroaches
  2 goblins (D:1)
  7 hobgoblins
  3 kobolds
  A ball python (D:1)
  A ball python skeleton (D:4)
  3 frilled lizards (D:1)
  6 rats
45 creatures vanquished.

Notes
Turn   | Place    | Note
-------+----------+-------------------------------------------
     0 | D:1      | Rrauwl the Hill Orc Gladiator began the quest for the Orb.
     0 | D:1      | Reached XP level 1. HP: 18/18 MP: 1/1
   186 | D:1      | Reached XP level 2. HP: 21/25 MP: 2/2
   960 | D:2      | Reached XP level 3. HP: 30/30 MP: 3/3
  1048 | D:2      | Found a blossoming altar of Fedhas.
  1088 | D:2      | Reached skill level 1 in Armour
  1199 | D:2      | Found a radiant altar of Vehumet.
  1435 | D:2      | Found a stormy altar of Qazlal.
  1465 | D:2      | Became a worshipper of Qazlal Stormbringer
  1869 | D:3      | Reached XP level 4. HP: 38/38 MP: 4/4
  1909 | D:3      | Reached skill level 1 in Invocations
  2147 | D:3      | Noticed a phantom
  2151 | D:3      | Noticed Rrauwl's ghost (amateur HOGl)
  2282 | D:2      | You fall through a shaft for 2 floors!
  2282 | D:4      | Noticed a bullfrog
  2285 | D:4      | Found a shimmering altar of Xom.
  2309 | D:4      | Killed a bullfrog
  2309 | D:4      | Reached skill level 5 in Axes
  2309 | D:4      | Reached XP level 5. HP: 18/45 MP: 4/6
  2371 | D:4      | HP: 2/45 [crimson imp/dagger of chaos (1)]
  2419 | D:4      | You fall through a shaft!
  2419 | D:5      | Entered Level 5 of the Dungeon
  2426 | D:5      | Noticed an ogre
  2544 | D:4      | Noticed an ogre
  2549 | D:4      | Killed from afar by an orc priest

Skill      XL: |  1  2  3  4 |
---------------+-------------+-----
Throwing       | 2 |  2.0
Armour         | 1 2 |  2.1
Fighting       | 3 |  3.6
Invocations    | 1 |  1.9
Dodging        | 3 |  3.1
Axes           | 5 |  5.0

Action                   |  1- 3 |  4- 6 || total
-------------------------+-------+-------++-------
Melee: War axe           |    91 |    40 ||   131
       Mace              |       |    90 ||    90
  Use: Scroll            |     6 |       ||     6
       Potion            |     4 |     2 ||     6
  Eat: Chunk             |    13 |     3 ||    16
Armor: Ring mail         |    20 |       ||    20
       Chain mail        |    34 |    92 ||   126
Dodge: Dodged            |    37 |    21 ||    58
Block: Large shield      |    35 |   123 ||   158
